Map: Site Delta LE

Players

WOLFCV - Winner!

  • Race: Zerg Zerg
  • League: Diamond
  • Spawn Location: 11:00

snakeyes

  • Race: Zerg Zerg
  • League: Platinum
  • Spawn Location: 5:00

VOD

Have the link to the VOD?

Description

Time

  • Played on: Oct. 5, 2024, 9:46 p.m.
  • Length: 5:24
Show
View Real Time Build Order
Export as new Build Order

WOLFCV Zerg - Winner!

Build Orders: Pool First 

Get SALT Encoding   

  12  0:00  Drone  
  13  0:11  Drone  
  14  0:18  Overlord  
  14  0:38  Drone x3  
  17  0:46  Spawning Pool  
  16  0:52  Drone  
  17  1:12  Hatchery  
  17  1:18  Extractor, Drone  
  16  1:20  Drone  
  17  1:31  Overlord  
  17  1:33  Zergling x2  
  18  1:42  Queen  
  18  1:45  Drone  
  21  1:55  Drone  
  22  2:03  Baneling Nest  
  22  2:07  Drone  
  22  2:16  Drone  
  23  2:23  Queen  
  25  2:33  Zergling x2  
  26  2:42  Zergling x4  
  26  2:44  Zergling x2  
  28  2:45  Queen  
  30  2:54  Baneling x2  
  30  3:07  Metabolic Boost  
  30  3:08  Zergling x6  
  30  3:09  Zergling x6  
  36  3:17  Overlord  
  36  3:37  Zergling x6  
  36  3:38  Zergling x6  
  42  3:46  Drone x2  
  44  3:59  Overlord  
  44  4:01  Overlord  
  44  4:08  Spine Crawler  
  43  4:17  Zergling x2  
  43  4:18  Zergling x2  
  43  4:20  Zergling x10  
  50  4:28  Baneling  
  50  4:29  Baneling x4  
  50  4:38  Zergling x8  
  53  4:50  Zergling x6  
Show
View Real Time Build Order
Export as new Build Order

snakeyes Zerg 

Build Orders: Hatch First 

Get SALT Encoding   

  12  0:00  Drone  
  13  0:12  Overlord  
  13  0:17  Drone  
  14  0:32  Drone x2  
  16  0:35  Drone  
  17  0:57  Hatchery  
  16  1:02  Drone  
  16  1:03  Drone  
  18  1:12  Spawning Pool  
  18  1:14  Extractor  
  18  1:15  Drone  
  17  1:19  Drone  
  18  1:29  Drone  
  19  1:39  Drone  
  20  1:53  Overlord  
  20  2:00  Queen  
  22  2:09  Zergling x4  
  22  2:11  Queen  
  22  2:12  Drone  
  27  2:30  Drone x2  
  27  2:31  Drone  
  30  2:38  Roach Warren  
  29  2:45  Drone  
  29  2:46  Drone x2  
  32  3:03  Lair  
  32  3:05  Evolution Chamber  
  32  3:10  Extractor, Overlord x3  
  30  3:13  Overlord  
  30  3:28  Drone  
  30  3:30  Drone x3  
  30  3:33  Drone x3  
  30  3:34  Drone  
  38  3:35  Drone  
  39  3:46  Drone x2  
  41  3:55  Drone  
  42  3:56  Drone  
  45  4:10  Roach x2  
  45  4:11  Hatchery  
  45  4:13  Extractor  
  45  4:14  Drone x2  
  45  4:15  Drone  
  48  4:18  Drone  
  48  4:19  Drone  
  50  4:27  Drone  
  51  4:32  Roach  
  45  4:49  Roach  
  45  4:50  Roach x5  
  46  4:58  Roach  
Tags
 
Add a new tag
Caveats
  • Supply blocks, unpowered buildings, or Contaminate may cause inaccurate times.
  • Supply counts are checked every 10 seconds.